 Dungeon Crawl Stone Soup version 0.28.0-53-g5a82cb258f (webtiles) character file.

Game seed: 17611303417805193120

19280 cbfl8 the Cleaver (level 12, -1/112 HPs)
             Began as a Minotaur Berserker on July 26, 2022.
             Was an Elder of Trog.
             Slain by a four-headed hydra (8 damage)
             ... on level 11 of the Dungeon on July 27, 2022.
             The game lasted 00:18:42 (13841 turns).

cbfl8 the Cleaver (Minotaur Berserker)             Turns: 13841, Time: 00:18:43

Health: -1/112     AC: 16    Str: 28    XL:     12   Next: 35%
Magic:  11/11      EV: 16    Int:  4    God:    Trog [****..]
Gold:   746        SH:  5    Dex: 15    Spells: 11/11 levels left

rFire   . . .      SeeInvis .   H - +0 battleaxe (freeze)
rCold   . . .      Faith    .   (shield currently unavailable)
rNeg    . . .      Spirit   .   C - +0 plate armour
rPois   .          Reflect  +   (helmet restricted)
rElec   .          Harm     .   (no cloak)
rCorr   .          Rampage  .   y - +0 pair of gloves
Will    .....                   (no boots)
Stlth   ..........              w - amulet of reflection
HPRegen 0.28/turn               o - +6 ring of strength
MPRegen 0.12/turn               A - +4 ring of evasion

@: about to teleport
A: horns 2, retaliatory headbutt
a: Renounce Religion, Berserk, Trog's Hand, Brothers in Arms


You were on level 11 of the Dungeon.
You worshipped Trog.
Trog was greatly pleased with you.
You visited 1 branch of the dungeon, and saw 11 of its levels.

You collected 746 gold pieces.

Inventory:

Hand Weapons
 h - a +1 broad axe of flaming
 H - a +0 battleaxe of freezing (weapon)
 L - a +2 antimagic war axe
Armour
 y - a +0 pair of gloves (worn)
 C - a +0 plate armour (worn)
Jewellery
 n - an amulet of the acrobat
 o - a +6 ring of strength (left hand)
 u - a ring of fire
 w - an amulet of reflection (around neck)
 A - a +4 ring of evasion (right hand)
 M - a ring of protection from cold
Wands
 b - a wand of digging (3)
 i - a wand of polymorph (15)
 E - a wand of iceblast (6)
 I - a wand of paralysis (1) (quivered)
 J - a wand of flame (6)
Scrolls
 a - a scroll of fear {unknown}
 e - a scroll of teleportation
 g - 2 scrolls of magic mapping
 p - a scroll of silence
 s - 2 scrolls of fog
 t - a scroll of enchant armour
 v - a scroll of enchant weapon
 x - a scroll of noise
Potions
 c - 3 potions of haste
 d - 5 potions of curing
 l - 2 potions of lignification
 m - 2 potions of ambrosia {unknown}
 q - 3 potions of attraction
 r - a potion of mutation {unknown}
 z - a potion of might
 B - 2 potions of flight {unknown}
 F - 2 potions of brilliance {unknown}
 G - a potion of magic {unknown}
 N - a potion of cancellation {unknown}


   Skills:
 * Level 12.2 Fighting
 + Level 13.4 Axes
 + Level 10.1 Armour
 * Level 9.0 Dodging
 * Level 6.7 Stealth
 + Level 3.3 Shields
 * Level 4.0 Evocations


You had 11 spell levels left.
You didn't know any spells.
Your spell library was empty.

Dungeon Overview and Level Annotations

Branches:
Dungeon (11/15)            Temple (0/1) D:4            Lair (0/6) D:9
    Orc: D:9-12

Altars:
Dithmenos

Shops:
D:1 !   D:8 (?!

Portals:
Trove: D:10 (give 6 scrolls of blinking)


Innate Abilities, Weirdness & Mutations

You have a pair of horns on your head.
You reflexively headbutt those who attack you in melee.


Message History

Aiming: Paralyse
Press: ? - help, Q - select action, (/) - cycle Shift-Dir - straight line, f/p - four-headed hydra
Aim: a four-headed hydra (chance to affect: 25%)
The four-headed hydra resists with almost no effort.
The four-headed hydra bites you but does no damage. x4
Unknown command.
Aiming: Paralyse
Press: ? - help, Q - select action, (/) - cycle Shift-Dir - straight line, f/p - four-headed hydra
Aim: a four-headed hydra (chance to affect: 25%)
The four-headed hydra resists with almost no effort.
The four-headed hydra bites you but does no damage.
You block the four-headed hydra's attack.
The four-headed hydra bites you but does no damage.
The four-headed hydra bites you.
* * * LOW HITPOINT WARNING * * *
Aiming: Paralyse
Press: ? - help, Q - select action, (/) - cycle Shift-Dir - straight line, f/p - four-headed hydra
Aim: a four-headed hydra (chance to affect: 25%)
The four-headed hydra suddenly stops moving!
An efreet comes into view.
It is wielding a +2 scimitar of flaming, wearing the ring "Doruxt" {Str+4 Dex+6} and carrying a wand of paralysis (3).
Aiming: Paralyse
Press: ? - help, Q - select action, (/) - cycle Shift-Dir - straight line, f - efreet, p - four-headed hydra
Aim: an efreet, wielding a +2 scimitar of flaming, wearing the ring "Doruxt" {Str+4 Dex+6} and carrying a wand of paralysis (3) (chance to affect: 59%)
The efreet suddenly stops moving!
Unknown command.
Your transformation is almost over.
You feel less wooden.
Your +0 pair of gloves unmelds from your body.
Your +0 plate armour unmelds from your body.
As you read the scroll of teleportation, it crumbles to dust.
You feel strangely unstable.
The four-headed hydra is no longer paralysed.
The four-headed hydra closely misses you.
The four-headed hydra barely misses you.
The four-headed hydra closely misses you.
The four-headed hydra bites you but does no damage.
The efreet is no longer paralysed.
You block the four-headed hydra's attack.
The four-headed hydra bites you!
You die...

#...
#...
....
###
#..
#.R##
#@#
##D.#
s.#
###


You could see a four-headed hydra, a wolf spider and an efreet.

Vanquished Creatures
  A stone giant (shapeshifter) (D:11)
  A boulder beetle (D:11)
  A centaur warrior (D:11)
  The ghost of osoart the Slinger, a novice DrBe of Trog (D:9)
  2 two-headed ogres
  3 death yaks
  Joseph (D:7)
  Maggie (D:7)
  A kobold demonologist (D:11)
  Psyche (D:11)
  A yaktaur (D:11)
  4 trolls
  A meliai (D:11)
  3 hornets
  Grinder (D:3)
  A shadow (D:11)
  25 yaks
  3 wraiths
  A basilisk (shapeshifter) (D:9)
  2 steam dragons
  A vampire mosquito (D:11)
  2 acid dragons (D:8)
  A water moccasin (D:7)
  7 orc warriors
  6 black bears
  An ice beast (D:6)
  4 centaurs
  A phantom (D:6)
  4 kobold brigands
  2 wyvern zombies (D:8)
  5 bullfrogs
  2 scorpions
  A water moccasin skeleton (D:6)
  11 killer bees
  4 wights
  6 howler monkeys
  5 centaur zombies
  2 hounds
  9 orc priests
  3 jellies
  A bullfrog skeleton (D:5)
  5 orc wizards
  A gnoll shaman (D:8)
  5 iguanas
  2 killer bee zombies (D:6)
  A hound zombie (D:5)
  A howler monkey zombie (D:8)
  A howler monkey skeleton (D:5)
  4 adders
  11 gnolls
  An ufetubus (D:4)
  An adder skeleton (D:5)
  2 worms
  A dart slug (D:1)
  34 orcs
  4 ball pythons
  4 endoplasms
  3 giant cockroaches
  10 hobgoblins
  4 jackals (D:1)
  19 kobolds
  A quokka (D:4)
  A bat (D:2)
  2 frilled lizards (D:1)
  7 goblins
  5 rats
263 creatures vanquished.

Vanquished Creatures (others)
  An orc (D:7)
1 creature vanquished.

Grand Total: 264 creatures vanquished

Notes
Turn   | Place    | Note
-------+----------+-------------------------------------------
     0 | D:1      | cbfl8 the Minotaur Berserker began the quest for the Orb.
     0 | D:1      | Reached XP level 1. HP: 19/19 MP: 0/0
    14 | D:1      | Found Xuomief's Distillery.
   116 | D:1      | Reached skill level 4 in Axes
   116 | D:1      | Reached XP level 2. HP: 27/27 MP: 1/1
   584 | D:1      | Found a faded altar of an unknown god.
   847 | D:1      | Reached XP level 3. HP: 32/33 MP: 2/2
  1783 | D:2      | Reached ** piety under Trog
  2251 | D:3      | Noticed Grinder
  2262 | D:3      | Killed Grinder
  2263 | D:3      | Reached skill level 5 in Fighting
  2263 | D:3      | Reached skill level 5 in Axes
  2263 | D:3      | Reached XP level 4. HP: 20/42 MP: 3/3
  2263 | D:3      | Reached XP level 5. HP: 23/48 MP: 4/4
  2467 | D:3      | Reached skill level 6 in Axes
  2468 | D:3      | Reached XP level 6. HP: 43/56 MP: 5/5
  3778 | D:4      | Found a staircase to the Ecumenical Temple.
  3859 | D:4      | Reached XP level 7. HP: 53/61 MP: 6/6
  4102 | D:5      | Entered Level 5 of the Dungeon
  4110 | D:5      | Reached skill level 7 in Axes
  4460 | D:5      | Reached skill level 5 in Armour
  4924 | D:5      | Reached skill level 1 in Stealth
  5105 | D:6      | Reached XP level 8. HP: 71/71 MP: 7/7
  5498 | D:6      | Reached *** piety under Trog
  5499 | D:6      | Reached skill level 8 in Axes
  5588 | D:6      | Reached skill level 5 in Dodging
  6177 | D:7      | Reached XP level 9. HP: 64/80 MP: 8/8
  6182 | D:7      | Reached skill level 9 in Axes
  6361 | D:7      | Reached skill level 1 in Shields
  6380 | D:7      | Noticed Maggie
  6400 | D:7      | Killed Maggie
  6850 | D:7      | Noticed Joseph
  6858 | D:7      | Killed Joseph
  7038 | D:7      | Noticed a two-headed ogre
  7046 | D:7      | Killed a two-headed ogre
  7047 | D:7      | Reached skill level 10 in Axes
  7269 | D:7      | Noticed a troll
  7282 | D:7      | Killed a troll
  7613 | D:7      | Reached XP level 10. HP: 87/91 MP: 9/9
  8131 | D:8      | Found Daxt's Weapon Emporium.
  8132 | D:8      | Found Itueton's Magic Scroll Boutique.
  8134 | D:8      | Found Poak's Distillery.
  8293 | D:8      | Reached **** piety under Trog
  8748 | D:8      | Reached skill level 11 in Axes
  9650 | D:9      | Paralysed by a hornet for 2 turns
  9653 | D:9      | Reached skill level 10 in Fighting
  9888 | D:9      | Found a runed translucent door.
  9888 | D:9      | Noticed osoart's ghost (novice DrBe)
  9950 | D:9      | Noticed a two-headed ogre
  9958 | D:9      | Reached skill level 5 in Stealth
  9960 | D:9      | Reached skill level 1 in Evocations
  9965 | D:9      | Killed a two-headed ogre
 10248 | D:9      | Paralysed by a hornet for 1 turns
 10251 | D:9      | Reached XP level 11. HP: 47/101 MP: 10/10
 10608 | D:9      | Noticed a death yak
 10608 | D:9      | Noticed a death yak
 10621 | D:9      | Killed a death yak
 10621 | D:9      | Noticed a death yak
 10623 | D:9      | Killed a death yak
 10624 | D:9      | Reached skill level 12 in Axes
 10790 | D:8      | Killed a death yak
 10851 | D:9      | Found a staircase to the Lair.
 11270 | D:9      | Killed osoart's ghost
 11291 | D:10     | Entered Level 10 of the Dungeon
 11702 | D:10     | Found a shadowy altar of Dithmenos.
 11737 | D:10     | Found a portal to a secret trove of treasure.
 12327 | D:11     | Noticed Psyche
 12360 | D:11     | Reached ***** piety under Trog
 12603 | D:11     | Noticed a boulder beetle
 12618 | D:11     | Killed a boulder beetle
 12647 | D:11     | Noticed an orc knight
 12854 | D:11     | Reached skill level 13 in Axes
 12854 | D:11     | Reached XP level 12. HP: 85/111 MP: 11/11
 13005 | D:11     | Killed Psyche
 13152 | D:11     | Noticed a stone giant
 13169 | D:11     | Killed a stone giant
 13170 | D:11     | Reached skill level 10 in Armour
 13625 | D:11     | Noticed a two-headed ogre
 13625 | D:11     | Noticed a two-headed ogre
 13764 | D:11     | Noticed a boulder beetle
 13766 | D:11     | Noticed a centaur warrior
 13791 | D:11     | Killed a centaur warrior
 13792 | D:11     | Paralysed by a hornet for 1 turns
 13794 | D:11     | Paralysed by a hornet for 3 turns
 13795 | D:11     | Noticed a two-headed ogre
 13819 | D:11     | Noticed a four-headed hydra
 13821 | D:11     | HP: 8/168 [four-headed hydra (5)]
 13824 | D:11     | Identified the ring "Doruxt" {Str+4 Dex+6}
 13841 | D:11     | Slain by a four-headed hydra

Illustrated notes

Levels and vault maps discovered:
D:1:      saegor_arrival_miasma, layout_basic, dreamdust_ecumenical_altar_grove,
          serial_shops, shop_statue
D:2:      layout_loops_ring
D:3:      layout_basic, uniq_grinder
D:4:      layout_gridville, minmay_temple_entry_tees
D:5:      layout_basic
D:6:      minmay_chambers_of_threes, layout_loops_ring
D:7:      layout_basic, hex_medium, st_stairs_6, uniq_maggie, uniq_joseph
D:8:      minmay_opposing_rooms, layout_cave_pools, nicolae_wooded_promenade
D:9:      minmay_distorted_concentric_squares, layout_cave_pools,
          dpeg_lair_monsters, serial_column_ruins, column_ruins_grid_1,
          column_ruins_grid_1, column_ruins_corridor_water,
          column_ruins_columns_straight, column_ruins_columns_straight,
          gammafunk_ghost_grave
D:10:     layout_stronghold, nicolae_dithmenos_through_a_glass_darkly,
          enter_trove_0
D:11:     minmay_the_grid_square_5x5_5x5 [minmay_the_grid_square_5x5_moneybag,
          minmay_the_grid_square_5x5_hollow_slash,
          minmay_the_grid_square_5x5_slash,
          minmay_the_grid_square_5x5_minivault,
          minmay_the_grid_square_5x5_broken_cross,
          minmay_the_grid_square_5x5_intrusive_squares,
          minmay_the_grid_square_5x5_prize_open,
          minmay_the_grid_square_5x5_three_walls,
          minmay_the_grid_square_5x5_prize_rear_guard,
          minmay_the_grid_square_5x5_shrine2,
          minmay_the_grid_square_5x5_checkered_sparse,
          minmay_the_grid_square_5x5_longway,
          minmay_the_grid_square_5x5_prize_pseudospiral,
          minmay_the_grid_square_5x5_tetrominoes,
          minmay_the_grid_square_5x5_seven, minmay_the_grid_square_5x5_detours,
          minmay_the_grid_square_5x5_prize_monsterx,
          minmay_the_grid_square_5x5_beaten_path,
          minmay_the_grid_square_5x5_prize_junk, minmay_the_grid_square_5x5_tie,
          minmay_the_grid_square_5x5_shuriken,
          minmay_the_grid_square_5x5_inverted_slash,
          minmay_the_grid_square_5x5_inset, minmay_the_grid_square_5x5_mess,
          minmay_the_grid_square_5x5_bracketed], layout_basic, david_orc_4,
          grunt_decor_junction, uniq_psyche

Skill      XL: |  1  2  3  4  5  6  7  8  9 10 11 12 |
---------------+-------------------------------------+-----
Axes           | 4 5 6 7 8 10 11 13 | 13.4
Fighting       | 4 5 6 8 9 10 11 12 | 12.2
Armour         | 3 4 5 6 7 8 9 10 | 10.1
Dodging        | 3 4 5 6 7 8 9 |  9.0
Stealth        | 1 2 4 5 6 |  6.7
Shields        | 1 2 3 |  3.3
Evocations     | 1 3 4 |  4.0

Action                   |  1- 3 |  4- 6 |  7- 9 | 10-12 || total
-------------------------+-------+-------+-------+-------++-------
Melee: Hand axe          |   102 |    70 |       |       ||   172
       Headbutt          |    17 |    15 |    31 |    58 ||   121
       Punch             |     1 |       |     2 |     7 ||    10
       War axe           |       |       |   134 |       ||   134
       Broad axe         |       |       |    36 |   210 ||   246
       Battleaxe         |       |       |       |    85 ||    85
Invok: Berserk           |       |       |     4 |    10 ||    14
       Brothers in Arms  |       |       |       |     1 ||     1
Evoke: Wand              |       |       |       |    12 ||    12
  Use: Scroll            |       |       |     8 |    16 ||    24
       Potion            |       |       |     1 |     4 ||     5
Armor: Animal skin       |     4 |       |       |       ||     4
       Chain mail        |     6 |    27 |    54 |       ||    87
       Leather armour    |     1 |       |       |       ||     1
       Plate armour      |       |       |    17 |   168 ||   185
       Skin              |       |       |     5 |    14 ||    19
Dodge: Dodged            |    57 |    36 |   100 |   169 ||   362
Block: Other             |       |       |    32 |    89 ||   121
       Reflection        |       |       |     2 |     5 ||     7
